Map: Old Republic LE

Players

herO - Winner!

  • Race: Protoss Protoss

Reynor

  • Race: Zerg Zerg

VOD

Have the link to the VOD?

Description

Time

  • Played on: Jan. 18, 2026, 2:32 a.m.
  • Length: 18:13
Show
View Real Time Build Order
Export as new Build Order

herO Protoss - Winner!

Build Orders: 1 Gate Expand, Oracle Opening, Archon Immortal 

Get SALT Encoding   

  12  0:00  Probe  
  13  0:12  Probe  
  14  0:17  Pylon  
  14  0:23  Probe  
  15  0:31  Probe  
  16  0:38  Gateway  
  16  0:39  Probe  
  16  0:46  Assimilator  
  17  0:50  Probe  
  18  1:03  Probe  
  19  1:15  Probe  
  20  1:24  Nexus  
  20  1:34  Cybernetics Core  
  20  1:37  Probe  
  21  1:45  Assimilator  
  21  1:49  Probe  
  21  1:52  Pylon  
  22  1:59  Probe  
  22  2:01  Adept  
  23  2:08  Probe  
  26  2:16  Probe  
  26  2:17  Stargate  
  27  2:25  Warp Gate  
  27  2:27  Probe  
  28  2:32  Adept  
  28  2:33  Probe  
  30  2:39  Probe  
  30  2:41  Probe  
  33  2:51  Probe x2  
  33  2:52  Oracle  
  35  3:03  Adept, Probe x2  
  42  3:11  Pylon  
  42  3:15  Probe x2  
  44  3:23  Oracle  
  44  3:28  Probe x2  
  49  3:47  Nexus  
  47  3:49  Probe x2  
  47  3:50  Pylon  
  47  3:55  Oracle  
  49  4:01  Assimilator  
  49  4:02  Assimilator  
  52  4:07  Probe x2  
  52  4:13  Adept  
  54  4:17  Gateway  
  54  4:21  Twilight Council  
  54  4:23  Forge  
  54  4:24  Probe x2  
  56  4:29  Pylon  
  56  4:36  Probe x2  
  56  4:37  Adept  
  60  4:43  Pylon  
  60  4:45  Gateway  
  60  4:50  Robotics Facility  
  60  4:54  Gateway  
  60  4:55  Probe  
  60  4:56  Probe  
  62  5:02  Probe  
  62  5:03  Probe  
  63  5:08  Protoss Ground Weapons Level 1, Probe  
  63  5:09  Charge  
  63  5:10  Probe  
  63  5:11  Probe  
  65  5:17  Shield Battery  
  65  5:18  Probe  
  65  5:20  Probe  
  68  5:21  Probe  
  68  5:26  Pylon, Probe  
  70  5:33  Probe x2  
  70  5:34  Probe  
  73  5:35  Stalker x2  
  73  5:37  Observer  
  79  5:45  Probe  
  79  5:46  Probe  
  79  5:48  Probe  
  82  5:51  Robotics Bay  
  82  5:53  Robotics Facility  
  82  5:55  Assimilator  
  82  5:57  Probe  
  82  5:58  Probe, Warp Prism  
  82  5:59  Assimilator  
  82  6:01  Probe  
  82  6:02  Pylon  
  87  6:16  Probe  
  88  6:23  Zealot x4  
  96  6:29  Colossus  
  96  6:31  Colossus  
  96  6:32  Gateway x2  
  96  6:34  Pylon  
  96  6:36  Pylon  
  96  6:45  Extended Thermal Lance  
  108  6:50  Templar Archives  
  108  6:51  Gateway  
  108  6:52  Protoss Ground Armor Level 1  
  108  6:53  Gateway  
  108  6:57  Probe  
  108  6:59  Zealot x4  
  117  7:08  Pylon  
  117  7:12  Nexus  
  117  7:15  Colossus, Pylon  
  117  7:23  Colossus  
  117  7:28  Probe  
  130  7:34  High Templar x2, Zealot x2  
  138  7:39  Zealot, Archon  
  138  7:41  Pylon  
  140  7:44  Pylon  
  140  7:45  Pylon  
  140  7:51  Photon Cannon  
  140  7:55  Shield Battery  
  140  7:57  Gateway  
  140  8:01  High Templar x2, Gateway  
  144  8:05  Archon  
  144  8:09  High Templar x2, Zealot x4  
  156  8:13  Pylon  
  156  8:16  Protoss Ground Weapons Level 2, Archon  
  156  8:30  Pylon  
  156  8:35  High Templar x2  
  156  8:36  Zealot x4  
  156  8:39  Archon  
  168  8:42  Zealot  
  108  9:03  Zealot  
  108  9:04  Zealot x6, Immortal x2  
  108  9:08  High Templar x2, Zealot  
  115  9:13  Probe x2  
  115  9:14  Probe x2  
  127  9:20  Assimilator  
  127  9:23  Assimilator  
  126  9:26  Probe x4  
  126  9:28  Archon  
  126  9:30  High Templar  
  126  9:31  High Templar, Sentry, Zealot x5  
  134  9:38  Probe x3  
  147  9:39  Archon  
  147  9:41  Immortal x2  
  155  9:59  Zealot x2  
  157  10:04  High Templar x2, Zealot x4  
  169  10:11  Pylon  
  169  10:15  Observer x2  
  169  10:19  Archon  
  169  10:22  High Templar x2  
  169  10:25  Zealot x2  
  169  10:26  Zealot x4, Archon  
  183  10:35  Protoss Shields Level 1  
  165  10:36  Zealot x2  
  165  10:39  Photon Cannon  
  165  10:40  Pylon  
  167  10:46  High Templar x2, Zealot x3  
  167  10:47  Zealot  
  179  10:51  Archon  
  179  10:56  Immortal  
  179  10:57  Immortal, Zealot x4  
  173  11:17  High Templar x3  
  173  11:18  Zealot x7  
  159  11:22  Archon  
  169  11:38  Sentry x2  
  169  11:39  Sentry x2, Zealot x3  
  161  11:58  Fleet Beacon  
  159  12:14  Stargate  
  159  12:18  Pylon x2  
  85  12:59  High Templar  
  85  13:04  Zealot x6  
  98  13:16  Tempest  
  98  13:18  Tempest  
  96  13:28  Nexus  
  100  13:35  Pylon  
  100  13:36  High Templar  
  102  13:46  Archon, High Templar  
  102  13:47  High Templar, Zealot x3  
  112  13:56  Zealot x2  
  112  13:57  Archon  
  112  13:59  Oracle  
  117  14:06  Tempest  
  120  14:33  Tempest  
  118  14:39  Observer  
  122  14:45  Observer  
  78  15:29  High Templar x2, Zealot x3  
  88  15:36  Archon  
  88  15:37  High Templar  
  88  15:46  High Templar  
  68  16:04  Archon  
  68  16:21  Sentry, Zealot x3  
  71  16:46  High Templar x2  
  75  16:56  Archon  
  75  16:58  Zealot x3  
  76  17:41  High Templar  
  76  17:43  High Templar  
  80  17:48  Archon  
  80  17:55  Nexus  
Show
View Real Time Build Order
Export as new Build Order

Reynor Zerg 

Build Orders: Hatch First, Lurkers 

Get SALT Encoding   

  12  0:00  Drone  
  13  0:08  Drone  
  14  0:14  Extractor, Drone  
  15  0:21  Overlord  
  15  0:40  Drone  
  16  0:46  Hatchery  
  16  0:48  Drone  
  16  0:52  Drone  
  16  0:55  Drone  
  18  1:06  Extractor  
  18  1:11  Spawning Pool  
  16  1:14  Drone  
  17  1:18  Drone  
  18  1:26  Drone  
  19  1:37  Drone  
  20  1:48  Drone  
  21  1:57  Queen x2  
  21  1:58  Zergling x2  
  21  1:59  Overlord  
  26  2:10  Drone x2  
  26  2:12  Metabolic Boost  
  28  2:19  Drone  
  28  2:21  Zergling x2  
  30  2:30  Drone x2  
  30  2:33  Queen  
  34  2:45  Hatchery  
  34  2:48  Drone  
  34  2:51  Overlord  
  34  2:54  Zergling x2  
  34  2:56  Zergling x2  
  36  3:09  Drone  
  36  3:10  Zergling x6, Queen  
  42  3:13  Drone  
  42  3:14  Drone  
  44  3:22  Overlord  
  44  3:28  Overlord  
  44  3:40  Queen  
  46  3:42  Drone x6  
  46  3:43  Drone  
  46  3:47  Drone x2  
  52  3:53  Drone, Spore Crawler  
  52  3:57  Drone x2  
  52  4:02  Drone  
  54  4:07  Spore Crawler  
  54  4:09  Drone x2  
  55  4:11  Drone x3  
  55  4:14  Drone  
  55  4:16  Lair  
  58  4:19  Drone  
  58  4:21  Drone x2  
  58  4:24  Overlord  
  61  4:27  Drone  
  61  4:28  Drone  
  63  4:31  Drone  
  63  4:32  Drone  
  63  4:35  Overlord  
  65  4:41  Roach Warren  
  65  4:43  Drone x3  
  65  4:44  Drone  
  68  4:51  Hatchery  
  68  4:52  Extractor, Drone x2  
  68  4:53  Extractor  
  68  4:58  Zergling x6  
  68  4:59  Zergling x2  
  71  5:01  Drone x3  
  75  5:07  Drone x3, Spore Crawler  
  75  5:09  Drone x2  
  75  5:12  Drone x2  
  80  5:14  Overseer  
  80  5:15  Drone  
  80  5:17  Extractor  
  80  5:23  Drone  
  80  5:24  Overlord  
  80  5:25  Hydralisk Den, Drone  
  80  5:26  Overlord  
  81  5:30  Overlord, Extractor  
  80  5:42  Drone x2  
  80  5:45  Overlord  
  80  5:46  Drone x3  
  80  5:47  Overlord  
  82  5:55  Hydralisk x4  
  82  5:56  Zergling x6  
  93  5:57  Drone x3  
  93  5:58  Extractor  
  97  6:04  Drone x2  
  97  6:09  Drone x2  
  97  6:10  Drone  
  98  6:15  Hydralisk x3  
  98  6:16  Zergling x6  
  98  6:18  Queen  
  109  6:24  Overlord  
  109  6:25  Drone x2  
  111  6:28  Evolution Chamber x2  
  111  6:29  Drone x7  
  111  6:31  Muscular Augments  
  116  6:35  Hydralisk x2  
  116  6:37  Overlord  
  120  6:43  Baneling Nest  
  120  6:45  Drone x4  
  120  6:46  Extractor  
  122  6:48  Hydralisk x3  
  122  6:52  Overlord  
  128  6:56  Zerg Missile Weapons Level 1  
  128  6:58  Zergling x8  
  132  7:01  Zerg Melee Weapons Level 1  
  132  7:03  Zergling x4  
  132  7:06  Hydralisk  
  135  7:11  Overlord x2  
  135  7:13  Hydralisk  
  135  7:14  Hydralisk x2  
  135  7:15  Zergling x4  
  143  7:16  Overlord  
  143  7:17  Overlord  
  143  7:23  Overlord  
  143  7:26  Hydralisk  
  143  7:27  Zergling x2  
  143  7:28  Overlord  
  143  7:31  Baneling x7  
  143  7:32  Centrifugal Hooks, Zergling x4  
  143  7:33  Zergling x2  
  143  7:35  Drone  
  143  7:37  Hydralisk x2  
  147  7:38  Zergling x8  
  147  7:41  Grooved Spines  
  147  7:42  Zergling x8  
  159  7:47  Hydralisk  
  159  7:48  Zergling x4  
  163  7:54  Hydralisk, Zergling x2  
  163  7:57  Hydralisk  
  163  7:58  Zergling x2  
  169  8:03  Hydralisk  
  169  8:04  Hydralisk x2, Zergling x2  
  176  8:07  Overlord  
  176  8:08  Zergling x4  
  176  8:12  Hatchery  
  177  8:15  Hydralisk  
  177  8:16  Hydralisk, Zergling x8  
  177  8:17  Hydralisk  
  177  8:18  Zergling x2  
  177  8:19  Overlord  
  188  8:29  Hydralisk x6  
  200  8:36  Baneling x12  
  200  8:37  Baneling  
  200  8:43  Baneling x3  
  200  8:48  Infestation Pit  
  179  8:56  Zergling x6  
  179  8:57  Zergling x20  
  179  9:01  Hydralisk x2, Zergling x6  
  174  9:07  Queen  
  174  9:08  Hydralisk, Overlord, Zergling x4  
  171  9:10  Hydralisk  
  171  9:13  Zergling x4  
  171  9:14  Zergling x10  
  178  9:21  Zergling x2  
  178  9:24  Zergling x4  
  181  9:28  Zergling x6  
  181  9:29  Zergling x4  
  186  9:34  Baneling x12  
  186  9:35  Baneling x17  
  186  9:37  Zergling x12  
  186  9:38  Zergling x2  
  193  9:43  Zergling x2  
  193  9:44  Zergling x12  
  196  9:49  Hive  
  196  10:01  Lurker Den  
  196  10:03  Baneling x9  
  196  10:05  Drone x4  
  199  10:09  Extractor  
  199  10:12  Spore Crawler  
  199  10:13  Spore Crawler  
  196  10:18  Drone x3  
  196  10:19  Spine Crawler  
  196  10:20  Spore Crawler  
  194  10:31  Drone x3  
  194  10:33  Zergling x16  
  198  10:38  Zergling x4  
  200  10:51  Spine Crawler  
  200  10:52  Spine Crawler, Hydralisk x6  
  195  11:02  Lurker x4  
  195  11:03  Seismic Spines  
  194  11:13  Lurker x2  
  194  11:14  Zergling x30  
  183  11:22  Lurker x5  
  183  11:23  Zergling x2  
  183  11:24  Zergling x32  
  200  11:27  Lurker  
  200  11:30  Overlord  
  200  11:32  Overseer x2  
  199  11:36  Lurker Den  
  199  11:37  Overlord x2  
  185  11:43  Spore Crawler  
  185  11:45  Lurker x4  
  185  11:46  Lurker, Spore Crawler  
  171  11:47  Spore Crawler  
  171  11:49  Zergling x10  
  171  11:50  Zergling x10  
  171  11:53  Hydralisk  
  158  12:15  Zergling x18  
  158  12:17  Queen  
  155  12:24  Hydralisk, Zergling x2  
  127  12:33  Hydralisk  
  103  12:37  Hydralisk  
  89  12:46  Hydralisk x2  
  83  12:56  Hydralisk  
  83  12:58  Hydralisk  
  85  13:00  Lurker x2  
  88  13:07  Extractor  
  88  13:10  Hydralisk x2  
  89  13:18  Hydralisk  
  80  13:27  Spawning Pool  
  80  13:29  Extractor  
  80  13:30  Evolution Chamber  
  80  13:33  Evolution Chamber  
  76  13:34  Lurker, Evolution Chamber  
  76  13:54  Hydralisk x2  
  80  14:01  Drone x3  
  83  14:06  Hatchery  
  82  14:14  Zergling x20  
  82  14:16  Lair  
  92  14:17  Lurker  
  92  14:19  Zergling x2  
  94  14:26  Zergling x2  
  94  14:30  Zergling x2  
  89  14:40  Zergling x4  
  89  14:41  Zergling x4  
  89  14:42  Zergling x2  
  92  14:53  Queen  
  72  15:14  Zergling x16  
  72  15:15  Queen  
  72  15:19  Zergling x2  
  79  15:27  Zergling x2, Hydralisk Den  
  67  15:33  Queen  
  33  15:56  Hydralisk x6  
  37  15:58  Hydralisk x2  
  37  16:02  Hydralisk x3  
  47  16:07  Hydralisk  
  47  16:08  Hatchery, Zergling x2  
  45  16:23  Hydralisk  
  45  16:24  Zergling x2  
  36  16:35  Hydralisk  
  36  16:43  Hydralisk  
  37  16:56  Hydralisk x3  
  43  17:02  Zergling x2  
  43  17:17  Hydralisk  
  43  17:22  Zergling x2  
  41  17:36  Zergling x2  
  40  17:43  Lurker  
  41  17:47  Lurker  
  42  17:53  Zergling x2  
Tags
 
Add a new tag
Caveats
  • Supply blocks, unpowered buildings, or Contaminate may cause inaccurate times.
  • Supply counts are checked every 10 seconds.